Senators vs Reign
Created - April 30, 2022 at 23:43
Goals
|
Senators |
3 |
1 |
1 |
5 |
Reign |
0 |
2 |
1 |
3 |
|
Shots
|
Senators |
13 |
12 |
6 |
31 |
Reign |
15 |
14 |
6 |
35 |
|
1st period
1. Senators , Jacob De La Rose 8 (Oliver Bjorkstrand 31, Michael Matheson 17) at 0:33
2. Senators , Zachary Sanford 36 (Christoph Bertschy 47, Tomas Jurco 33) at 9:27
3. Senators , Tomas Jurco 26 (Zachary Sanford 44, Christoph Bertschy 48) at 12:12 (PP)
Penalties :
Jakob Chychrun (Ont) for Holding (Minor) at 5:54, Josh Anderson (Ont) for Roughing (Minor) at 11:58
2nd period
4. Senators , Jacob De La Rose 9 (Zemgus Girgensons 27) at 1:34
5. Reign , Pierre-Luc Dubois 4 (Trevor Moore 7, Josh Anderson 9) at 6:14
6. Reign , Brendan Gaunce 32 (Tyler Pitlick 35, Dylan Blujus 21) at 10:12
Penalties :
Tyler Pitlick (Ont) for Holding (Minor) at 3:51
3rd period
7. Reign , Rourke Chartier 26 (Jakob Chychrun 15, Phillip Danault 9) at 11:43
8. Senators , Tomas Jurco 27 (Zachary Sanford 45, Michael Matheson 18) at 11:53
Penalties :
Tyler Pitlick (Ont) for Roughing (Minor) at 1:33, Dominik Simon (Ont) for Hooking (Minor) at 8:52, Pierre-Luc Dubois (Ont) for High sticking (Minor) at 13:22
Goalie Stats
Garret Sparks (Bel), 32 saves from 35 shots - (0.914), W, 13-9-1, 60:00 minutes
Ilya Samsonov (Ont), 12 saves from 16 shots - (0.750), L, 22-16-1, 21:34 minutes
Jean-Francois Berube (Ont), 14 saves from 15 shots - (0.933), 38:26 minutes
Players Stats for Senators
Player Name G A P +/- PIM S H SB GA TA FO MP PP MP PK MP
------------------------------------------------------------------------------------
A.J. Jenks 0 0 0 -1 0 1 0 0 0 0 0/0 10:18 0:12 0:00
Chandler Stephenson 0 0 0 0 0 1 0 0 0 0 2/4 9:54 0:00 0:00
Christoph Bertschy 0 2 2 1 0 3 0 2 1 1 10/30 22:22 5:23 0:00
Dmitry Sinitsyn 0 0 0 2 0 3 1 1 0 0 0/0 25:01 4:52 0:00
Grant Besse 0 0 0 -1 0 0 0 1 1 0 0/0 10:23 0:12 0:00
Jacob De La Rose 2 0 2 1 0 2 3 0 0 0 5/14 18:58 4:34 0:00
Jonas Siegenthaler 0 0 0 0 0 0 0 1 0 0 0/0 4:03 0:11 0:00
Joonas Lyytinen 0 0 0 -2 0 0 1 0 0 0 0/0 12:33 0:17 0:00
Jordan Schroeder 0 0 0 -1 0 2 1 0 0 0 3/7 8:11 0:00 0:00
Mason Geertsen 0 0 0 -2 0 0 0 1 0 1 0/0 11:37 0:00 0:00
Michael Matheson 0 2 2 2 0 2 1 2 1 1 0/0 27:44 4:46 0:00
Nikita Nesterov 0 0 0 1 0 0 1 1 1 0 0/0 19:31 5:06 0:00
Oliver Bjorkstrand 0 1 1 1 0 1 2 0 1 2 0/0 18:56 4:34 0:00
Scott Harrington 0 0 0 1 0 0 1 2 2 0 0/0 19:31 5:06 0:00
Tomas Jurco 2 1 3 1 0 5 4 1 0 0 2/3 22:10 5:23 0:00
Vitaly Abramov 0 0 0 0 0 2 0 0 3 0 0/1 8:59 0:06 0:00
William Bitten 0 0 0 0 0 0 1 0 0 0 0/0 8:25 0:00 0:00
Zachary Sanford 1 2 3 1 0 4 0 0 1 0 0/0 22:21 5:29 0:00
Zemgus Girgensons 0 1 1 1 0 5 6 1 2 0 0/0 19:03 4:34 0:00
Players Stats for Reign
Player Name G A P +/- PIM S H SB GA TA FO MP PP MP PK MP
------------------------------------------------------------------------------------
Adam Ollas-Mattsson 0 0 0 1 0 0 0 1 0 0 0/0 10:48 0:00 4:37
Brendan Gaunce 1 0 1 0 0 2 1 0 0 1 11/17 16:46 0:00 1:44
Darroll Powe 0 0 0 0 0 0 0 0 0 0 0/0 1:43 0:00 1:43
Dominik Simon 0 0 0 0 2 5 0 0 2 1 0/0 9:31 0:00 0:00
Dylan Blujus 0 1 1 -1 0 0 0 3 0 1 0/0 19:26 0:00 5:22
Jack Dougherty 0 0 0 0 0 0 0 1 0 0 0/0 5:19 0:00 0:00
Jakob Chychrun 0 1 1 1 2 1 0 0 0 1 0/0 16:22 0:00 0:00
Joachim Blichfeld 0 0 0 0 0 2 0 0 1 1 0/0 13:16 0:00 2:38
Joel Eriksson Ek 0 0 0 0 0 0 0 0 1 2 8/13 14:40 0:00 5:08
Jordan Schmaltz 0 0 0 -1 0 2 0 1 0 1 0/0 19:53 0:00 5:45
Josh Anderson 0 1 1 1 2 1 2 0 0 1 0/1 10:57 0:00 0:00
Logan Stanley 0 0 0 1 0 0 1 0 0 0 0/0 16:16 0:00 0:00
Matthew Tkachuk 0 0 0 -2 0 2 3 2 0 0 0/0 14:19 0:00 0:00
Nikita Tryamkin 0 0 0 -2 0 4 1 1 0 0 0/0 18:12 0:00 4:24
Phillip Danault 0 1 1 -2 0 0 0 0 0 0 1/1 18:52 0:00 4:19
Pierre-Luc Dubois 1 0 1 1 2 2 0 0 0 0 1/2 11:10 0:00 0:00
Rourke Chartier 1 0 1 -2 0 5 2 1 1 0 12/18 14:26 0:00 0:00
Thomas Chabot 0 0 0 -1 0 3 0 0 0 2 0/0 13:50 0:00 0:10
Timo Meier 0 0 0 0 0 1 4 0 0 1 1/2 16:41 0:00 1:33
Trevor Moore 0 1 1 1 0 3 0 0 0 0 2/4 9:36 0:00 0:00
Tyler Pitlick 0 1 1 0 4 2 0 0 0 1 1/1 17:42 0:00 3:13
3 Stars
1 - Tomas Jurco (Bel)
2 - Jacob De La Rose (Bel)
3 - Zachary Sanford (Bel)
Power Play
Senators - 1 on 6 Attempt(s) - 16.67%
Reign - 0 on 0 Attempt(s) - 0.00%
Penalty Kill
Senators - 0 on 0 Attempt(s) - 0.00%
- Score 0 goal in Penalty Kill
Reign - 5 on 6 Attempt(s) - 83.33%
- Score 0 goal in Penalty Kill
Team Stat
Senators - Hits : 22 - Faceoff Wins : 22 - Blocked Shots : 13 - Penalty Minutes : 0
Reign - Hits : 14 - Faceoff Wins : 37 - Blocked Shots : 10 - Penalty Minutes : 12
Official
Referees : Jean Hebert and Dean Morton
Linesman : Derek Amell and Julien Fournier
Game Notes
Jean-Francois Berube enters game at 1:34 of 2nd period
Finance
Level 1 -- Attendance: 1895 (94.75%) -- Ticket Income $66,325
Level 2 -- Attendance: 987 (98.70%) -- Ticket Income $14,805
Total Attendance: 2882 (96.07%)
Total Ticket Income: $81,130
Other Income: $4,056
Total Income: $85,186
Senators
5 vs 5 Forward
Center Left Wing Right Wing Time % Phy DF OF
1 Christoph Bertschy Zachary Sanford Tomas Jurco 40 1 2 2
2 Jacob De La Rose Zemgus Girgensons Oliver Bjorkstrand 30 1 2 2
3 Jordan Schroeder A.J. Jenks Grant Besse 15 1 2 2
4 Chandler Stephenson Vitaly Abramov William Bitten 15 1 2 2
5 vs 5 Defense
Defense Defense Time % Phy DF OF
1 Michael Matheson Dmitry Sinitsyn 40 1 2 2
2 Scott Harrington Nikita Nesterov 30 1 2 2
3 Joonas Lyytinen Mason Geertsen 20 1 2 2
4 Jonas Siegenthaler Michael Matheson 10 1 2 2
PowerPlay Forward
Center Left Wing Right Wing Time % Phy DF OF
1 Christoph Bertschy Zachary Sanford Tomas Jurco 60 0 1 4
2 Jacob De La Rose Zemgus Girgensons Oliver Bjorkstrand 40 0 1 4
PowerPlay Defense
Defense Defense Time % Phy DF OF
1 Michael Matheson Dmitry Sinitsyn 60 1 2 2
2 Scott Harrington Nikita Nesterov 40 1 2 2
Penalty Kill 4 Players Forward
Center Wing Time % Phy DF OF
1 Christoph Bertschy Zachary Sanford 60 1 2 2
2 Jacob De La Rose Zemgus Girgensons 40 1 2 2
Penalty Kill 4 Players Defense
Defense Defense Time % Phy DF OF
1 Michael Matheson Dmitry Sinitsyn 60 1 2 2
2 Scott Harrington Nikita Nesterov 40 1 2 2
Penalty Kill - 3 Players Forward
Forward Time % Phy DF OF
1 Christoph Bertschy 60 1 2 2
2 Jacob De La Rose 40 1 2 2
Penalty Kill - 3 Players Defense
Defense Defense Time % Phy DF OF
1 Michael Matheson Dmitry Sinitsyn 60 1 2 2
2 Scott Harrington Nikita Nesterov 40 1 2 2
4 vs 4 Forward
Center Wing Time % Phy DF OF
1 Christoph Bertschy Zachary Sanford 60 1 2 2
2 Jacob De La Rose Zemgus Girgensons 40 1 2 2
4 vs 4 Defense
Defense Defense Time % Phy DF OF
1 Michael Matheson Dmitry Sinitsyn 60 1 2 2
2 Scott Harrington Nikita Nesterov 40 1 2 2
Last Minutes Offensive
Center Left Wing Right Wing Defense Defense
Christoph Bertschy Zachary Sanford Tomas Jurco Michael Matheson Dmitry Sinitsyn
Last Minutes Defensive
Center Left Wing Right Wing Defense Defense
Christoph Bertschy Zachary Sanford Tomas Jurco Michael Matheson Dmitry Sinitsyn
Goaltenders
Starting : Garret Sparks
Backup : Scott Wedgewood
Extra Forwards
Normal : A.J. Jenks, Christoph Bertschy, Jacob De La Rose - PP : A.J. Jenks, Christoph Bertschy - PK : A.J. Jenks
Extra Defensemen
Normal : Joonas Lyytinen, Mason Geertsen, Jonas Siegenthaler - PP : Joonas Lyytinen - PK : Joonas Lyytinen, Mason Geertsen
Penalty Shots
Tomas Jurco, Oliver Bjorkstrand, Zachary Sanford, Zemgus Girgensons, A.J. Jenks
Scratches
Gustav Forsling (Healthy), Keegan Lowe (Abdominal Strain Injury), Kevin Rooney (Healthy), Arttu Ruotsalainen (Healthy), Cliff Pu (Healthy)
Keven Bouchard (Healthy)
Reign
5 vs 5 Forward
Center Left Wing Right Wing Time % Phy DF OF
1 Brendan Gaunce Timo Meier Tyler Pitlick 30 1 2 2
2 Rourke Chartier Phillip Danault Matthew Tkachuk 30 1 2 2
3 Joel Eriksson Ek Joachim Blichfeld Dominik Simon 20 1 2 2
4 Trevor Moore Pierre-Luc Dubois Josh Anderson 20 1 2 2
5 vs 5 Defense
Defense Defense Time % Phy DF OF
1 Jordan Schmaltz Nikita Tryamkin 30 1 2 2
2 Dylan Blujus Thomas Chabot 30 1 2 2
3 Logan Stanley Jakob Chychrun 30 1 2 2
4 Adam Ollas-Mattsson Jack Dougherty 10 1 2 2
PowerPlay Forward
Center Left Wing Right Wing Time % Phy DF OF
1 Rourke Chartier Timo Meier Matthew Tkachuk 55 1 2 2
2 Brendan Gaunce Joachim Blichfeld Dominik Simon 45 1 2 2
PowerPlay Defense
Defense Defense Time % Phy DF OF
1 Thomas Chabot Jakob Chychrun 65 1 2 2
2 Jack Dougherty Nikita Tryamkin 35 1 2 2
Penalty Kill 4 Players Forward
Center Wing Time % Phy DF OF
1 Joel Eriksson Ek Tyler Pitlick 60 1 2 2
2 Darroll Powe Phillip Danault 40 1 2 2
Penalty Kill 4 Players Defense
Defense Defense Time % Phy DF OF
1 Dylan Blujus Jordan Schmaltz 60 1 2 2
2 Nikita Tryamkin Adam Ollas-Mattsson 40 1 2 2
Penalty Kill - 3 Players Forward
Forward Time % Phy DF OF
1 Joel Eriksson Ek 60 1 2 2
2 Darroll Powe 40 1 2 2
Penalty Kill - 3 Players Defense
Defense Defense Time % Phy DF OF
1 Dylan Blujus Jordan Schmaltz 60 1 2 2
2 Nikita Tryamkin Adam Ollas-Mattsson 40 1 2 2
4 vs 4 Forward
Center Wing Time % Phy DF OF
1 Brendan Gaunce Timo Meier 60 1 2 2
2 Rourke Chartier Tyler Pitlick 40 1 2 2
4 vs 4 Defense
Defense Defense Time % Phy DF OF
1 Jordan Schmaltz Nikita Tryamkin 60 1 2 2
2 Dylan Blujus Thomas Chabot 40 1 2 2
Last Minutes Offensive
Center Left Wing Right Wing Defense Defense
Brendan Gaunce Timo Meier Tyler Pitlick Jakob Chychrun Thomas Chabot
Last Minutes Defensive
Center Left Wing Right Wing Defense Defense
Joel Eriksson Ek Phillip Danault Tyler Pitlick Dylan Blujus Jordan Schmaltz
Goaltenders
Starting : Ilya Samsonov
Backup : Jean-Francois Berube
Extra Forwards
Normal : Timo Meier, Pierre-Luc Dubois, Joachim Blichfeld - PP : Tyler Pitlick, Darroll Powe - PK : Joachim Blichfeld
Extra Defensemen
Normal : Dylan Blujus, Thomas Chabot, Jakob Chychrun - PP : Nikita Tryamkin - PK : Thomas Chabot, Adam Ollas-Mattsson
Penalty Shots
Rourke Chartier, Darroll Powe, Phillip Danault, Tyler Pitlick, Joachim Blichfeld
Scratches
Blake Lizotte (Healthy), Bokondji Imama (Healthy), C.J Suess (Healthy), Jacob Josefson (Healthy), Joel Vermin (Healthy)
Blake Hillman (Healthy), Michael Pezzetta (Healthy), Austin Czarnik (Healthy), Cal Petersen (Healthy), Jordan Binnington (Healthy)
% Time on Ice - Senators
Lines # - Real PCT - Wanted PCT - Time Play
Normal Forward
1 - 33% - 40% - 16:16
2 - 34% - 30% - 17:03
3 - 16% - 15% - 8:11
4 - 17% - 15% - 8:21
Normal Defense
1 - 41% - 40% - 20:27
2 - 29% - 30% - 14:25
3 - 23% - 20% - 11:37
4 - 7% - 10% - 3:22
PP Forward
1 - 55% - 60% - 5:35
2 - 45% - 40% - 4:34
PP Defense
1 - 50% - 60% - 5:03
2 - 50% - 40% - 5:06
PK Forward
1 - 0% - 60%
2 - 0% - 40%
PK Defense
1 - 0% - 60%
2 - 0% - 40%
PK3 Forward
1 - 0% - 60%
2 - 0% - 40%
PK3 Defense
1 - 0% - 60%
2 - 0% - 40%
44 Forward
1 - 0% - 60%
2 - 0% - 40%
44 Defense
1 - 0% - 60%
2 - 0% - 40%
Last Minute Offensive - 0:00
Last Minute Defensive - 0:00
Total
Forward - 60:00
Defense - 60:00
|
% Time on Ice - Reign
Lines # - Real PCT - Wanted PCT - Time Play
Normal Forward
1 - 31% - 30% - 15:32
2 - 31% - 30% - 15:20
3 - 19% - 20% - 9:23
4 - 19% - 20% - 9:36
Normal Defense
1 - 28% - 30% - 14:08
2 - 28% - 30% - 14:08
3 - 33% - 30% - 16:16
4 - 11% - 10% - 5:19
PP Forward
1 - 0% - 55%
2 - 0% - 45%
PP Defense
1 - 0% - 65%
2 - 0% - 35%
PK Forward
1 - 83% - 60% - 8:26
2 - 17% - 40% - 1:43
PK Defense
1 - 57% - 60% - 5:45
2 - 43% - 40% - 4:24
PK3 Forward
1 - 0% - 60%
2 - 0% - 40%
PK3 Defense
1 - 0% - 60%
2 - 0% - 40%
44 Forward
1 - 0% - 60%
2 - 0% - 40%
44 Defense
1 - 0% - 60%
2 - 0% - 40%
Last Minute Offensive - 0:00
Last Minute Defensive - 0:00
Total
Forward - 60:00
Defense - 60:00
|
Play-by-Play
1st period
0:01 of 1st period - Christoph Bertschy wins face-off versus Timo Meier in neutral zone.
0:26 of 1st period - Phillip Danault is hit by Zemgus Girgensons and loses puck.
0:31 of 1st period - Snap shot by Oliver Bjorkstrand.
0:31 of 1st period - Stopped by Ilya Samsonov with a rebound.
0:33 of 1st period - Snap shot by Jacob De La Rose.
0:33 of 1st period - Goal by Jacob De La Rose - Senators : 1 - Reign : 0.
0:34 of 1st period - Joel Eriksson Ek wins face-off versus Jordan Schroeder in neutral zone.
1:53 of 1st period - Tyler Pitlick is hit by Michael Matheson and loses puck.
2:28 of 1st period - Snap shot by Matthew Tkachuk.
2:28 of 1st period - Shot Misses the Net.
2:30 of 1st period - Slapshot by Thomas Chabot.
2:30 of 1st period - Shot Misses the Net.
2:32 of 1st period - Wrist shot by Matthew Tkachuk.
2:32 of 1st period - Shot Misses the Net.
2:34 of 1st period - Slapshot by Dylan Blujus.
2:34 of 1st period - Shot Blocked by Michael Matheson.
2:53 of 1st period - Icing by Dylan Blujus.
2:54 of 1st period - Tomas Jurco wins face-off versus Trevor Moore in Reign zone.
3:09 of 1st period - Slapshot by Thomas Chabot.
3:09 of 1st period - Stopped by Garret Sparks with a rebound.
3:11 of 1st period - Slapshot by Thomas Chabot.
3:11 of 1st period - Stopped by Garret Sparks with a rebound.
3:13 of 1st period - Wrist shot by Pierre-Luc Dubois.
3:13 of 1st period - Shot Misses the Net.
3:15 of 1st period - Snap shot by Pierre-Luc Dubois.
3:15 of 1st period - Stopped by Garret Sparks without a rebound.
3:16 of 1st period - Brendan Gaunce wins face-off versus Jacob De La Rose in Senators zone.
3:19 of 1st period - Wrist shot by Timo Meier.
3:19 of 1st period - Stopped by Garret Sparks with a rebound.
3:21 of 1st period - Slapshot by Jordan Schmaltz.
3:21 of 1st period - Stopped by Garret Sparks without a rebound.
3:22 of 1st period - Jacob De La Rose wins face-off versus Brendan Gaunce in Senators zone.
3:31 of 1st period - Snap shot by Zemgus Girgensons.
3:31 of 1st period - Stopped by Ilya Samsonov without a rebound.
3:32 of 1st period - Rourke Chartier wins face-off versus Christoph Bertschy in Reign zone.
3:32 of 1st period - Rourke Chartier is hit by Tomas Jurco.
3:52 of 1st period - Tomas Jurco is hit by Matthew Tkachuk and loses puck.
5:07 of 1st period - Wrist shot by Timo Meier.
5:07 of 1st period - Deflect By Tyler Pitlick.
5:07 of 1st period - Shot Blocked by Christoph Bertschy.
5:07 of 1st period - Puck is out of play.
5:08 of 1st period - Brendan Gaunce wins face-off versus Christoph Bertschy in Senators zone.
5:09 of 1st period - Snap shot by Timo Meier.
5:09 of 1st period - Shot Misses the Net.
5:13 of 1st period - Snap shot by Timo Meier.
5:13 of 1st period - Shot Blocked by Scott Harrington.
5:15 of 1st period - Slapshot by Jordan Schmaltz.
5:15 of 1st period - Shot Blocked by Nikita Nesterov.
5:17 of 1st period - Slapshot by Nikita Tryamkin.
5:17 of 1st period - Shot Misses the Net.
5:19 of 1st period - Slapshot by Nikita Tryamkin.
5:19 of 1st period - Shot Misses the Net.
5:21 of 1st period - Slapshot by Nikita Tryamkin.
5:21 of 1st period - Deflect By Christoph Bertschy.
5:21 of 1st period - Stopped by Garret Sparks without a rebound.
5:22 of 1st period - Jacob De La Rose wins face-off versus Rourke Chartier in Senators zone.
5:54 of 1st period - Minor Penalty to Jakob Chychrun for Holding.
5:55 of 1st period - Joel Eriksson Ek wins face-off versus Christoph Bertschy in Reign zone.
7:19 of 1st period - Tyler Pitlick is hit by Jacob De La Rose and loses puck.
7:54 of 1st period - Penalty to Jakob Chychrun is over, Jakob Chychrun is back on ice.
8:42 of 1st period - Icing by Mason Geertsen.
8:43 of 1st period - Jordan Schroeder wins face-off versus Brendan Gaunce in Senators zone.
9:08 of 1st period - Joachim Blichfeld is hit by Nikita Nesterov and loses puck.
9:17 of 1st period - Wrist shot by A.J. Jenks.
9:17 of 1st period - Shot Misses the Net.
9:19 of 1st period - Wrist shot by A.J. Jenks.
9:19 of 1st period - Stopped by Ilya Samsonov without a rebound.
9:20 of 1st period - Tomas Jurco wins face-off versus Rourke Chartier in Reign zone.
9:27 of 1st period - Slapshot by Zachary Sanford.
9:27 of 1st period - Goal by Zachary Sanford - Senators : 2 - Reign : 0.
9:28 of 1st period - Christoph Bertschy wins face-off versus Rourke Chartier in neutral zone.
9:56 of 1st period - Wrist shot by Brendan Gaunce.
9:56 of 1st period - Stopped by Garret Sparks with a rebound.
10:14 of 1st period - Slapshot by Nikita Tryamkin.
10:14 of 1st period - Stopped by Garret Sparks without a rebound.
10:15 of 1st period - Joel Eriksson Ek wins face-off versus Chandler Stephenson in Senators zone.
10:16 of 1st period - Snap shot by Dominik Simon.
10:16 of 1st period - Stopped by Garret Sparks with a rebound.
10:45 of 1st period - Icing by Phillip Danault.
10:46 of 1st period - Phillip Danault wins face-off versus Christoph Bertschy in Reign zone.
11:01 of 1st period - Wrist shot by Rourke Chartier.
11:01 of 1st period - Stopped by Garret Sparks with a rebound.
11:03 of 1st period - Slapshot by Jakob Chychrun.
11:03 of 1st period - Shot Blocked by Michael Matheson.
11:05 of 1st period - Wrist shot by Matthew Tkachuk.
11:05 of 1st period - Stopped by Garret Sparks without a rebound.
11:06 of 1st period - Brendan Gaunce wins face-off versus Jacob De La Rose in Senators zone.
11:11 of 1st period - Wrist shot by Tyler Pitlick.
11:11 of 1st period - Stopped by Garret Sparks with a rebound.
11:58 of 1st period - Minor Penalty to Josh Anderson for Roughing.
11:59 of 1st period - Tyler Pitlick wins face-off versus Christoph Bertschy in Reign zone.
12:12 of 1st period - Wrist shot by Tomas Jurco.
12:12 of 1st period - Goal by Tomas Jurco - Senators : 3 - Reign : 0.
12:13 of 1st period - Christoph Bertschy wins face-off versus Brendan Gaunce in neutral zone.
13:26 of 1st period - Slapshot by Michael Matheson.
13:26 of 1st period - Stopped by Ilya Samsonov without a rebound.
13:27 of 1st period - Brendan Gaunce wins face-off versus Vitaly Abramov in Reign zone.
14:03 of 1st period - Slapshot by Nikita Tryamkin.
14:03 of 1st period - Stopped by Garret Sparks with a rebound.
14:15 of 1st period - Wrist shot by Chandler Stephenson.
14:15 of 1st period - Stopped by Ilya Samsonov with a rebound.
14:43 of 1st period - Wrist shot by Christoph Bertschy.
14:43 of 1st period - Shot Misses the Net.
14:45 of 1st period - Snap shot by Scott Harrington.
14:45 of 1st period - Shot Blocked by Dylan Blujus.
15:03 of 1st period - Wrist shot by Zemgus Girgensons.
15:03 of 1st period - Stopped by Ilya Samsonov without a rebound.
15:04 of 1st period - Brendan Gaunce wins face-off versus Jacob De La Rose in Reign zone.
15:35 of 1st period - Snap shot by Zachary Sanford.
15:35 of 1st period - Shot Blocked by Adam Ollas-Mattsson.
15:37 of 1st period - Slapshot by Tomas Jurco.
15:37 of 1st period - Shot Misses the Net.
15:39 of 1st period - Slapshot by Michael Matheson.
15:39 of 1st period - Stopped by Ilya Samsonov with a rebound.
15:41 of 1st period - Wrist shot by Tomas Jurco.
15:41 of 1st period - Shot Blocked by Jack Dougherty.
15:43 of 1st period - Snap shot by Michael Matheson.
15:43 of 1st period - Shot Misses the Net.
16:13 of 1st period - Dominik Simon is hit by Zemgus Girgensons and loses puck.
17:11 of 1st period - Slapshot by Oliver Bjorkstrand.
17:11 of 1st period - Shot Misses the Net.
18:20 of 1st period - Off-side.
18:21 of 1st period - Rourke Chartier wins face-off versus Christoph Bertschy in neutral zone.
18:54 of 1st period - Snap shot by Christoph Bertschy.
18:54 of 1st period - Shot Misses the Net.
18:56 of 1st period - Slapshot by Scott Harrington.
18:56 of 1st period - Shot Misses the Net.
18:58 of 1st period - Wrist shot by Christoph Bertschy.
18:58 of 1st period - Stopped by Ilya Samsonov with a rebound.
19:00 of 1st period - Snap shot by Christoph Bertschy.
19:00 of 1st period - Stopped by Ilya Samsonov without a rebound.
19:01 of 1st period - Joel Eriksson Ek wins face-off versus Jacob De La Rose in Reign zone.
19:01 of 1st period - Joel Eriksson Ek is hit by Zemgus Girgensons.
19:30 of 1st period - Wrist shot by Rourke Chartier.
19:30 of 1st period - Stopped by Garret Sparks with a rebound.
19:32 of 1st period - Slapshot by Rourke Chartier.
19:32 of 1st period - Shot Blocked by Jonas Siegenthaler.
19:40 of 1st period - Slapshot by Rourke Chartier.
19:40 of 1st period - Stopped by Garret Sparks without a rebound.
19:41 of 1st period - Brendan Gaunce wins face-off versus Christoph Bertschy in Senators zone.
19:44 of 1st period - Wrist shot by Brendan Gaunce.
19:44 of 1st period - Shot Misses the Net.
19:52 of 1st period - Wrist shot by Tomas Jurco.
19:52 of 1st period - Deflect By Zachary Sanford.
19:52 of 1st period - Stopped by Ilya Samsonov with a rebound.
Goals for this period are 3 for Senators vs 0 for Reign.
Shots for this period are 13 for Senators vs 15 for Reign.
2nd period
0:01 of 2nd period - Rourke Chartier wins face-off versus Christoph Bertschy in neutral zone.
0:29 of 2nd period - Icing by Joel Eriksson Ek.
0:30 of 2nd period - Jacob De La Rose wins face-off versus Joel Eriksson Ek in Reign zone.
0:31 of 2nd period - Wrist shot by Zemgus Girgensons.
0:31 of 2nd period - Stopped by Ilya Samsonov without a rebound.
0:32 of 2nd period - Christoph Bertschy wins face-off versus Brendan Gaunce in Reign zone.
0:43 of 2nd period - Wrist shot by Tomas Jurco.
0:43 of 2nd period - Stopped by Ilya Samsonov without a rebound.
0:44 of 2nd period - Rourke Chartier wins face-off versus Christoph Bertschy in Reign zone.
0:54 of 2nd period - Off-side.
0:55 of 2nd period - Timo Meier wins face-off versus Christoph Bertschy in neutral zone.
0:58 of 2nd period - Snap shot by Brendan Gaunce.
0:58 of 2nd period - Shot Misses the Net.
1:16 of 2nd period - Dylan Blujus is hit by Tomas Jurco and loses puck.
1:27 of 2nd period - Zemgus Girgensons is hit by Matthew Tkachuk and loses puck.
1:34 of 2nd period - Wrist shot by Jacob De La Rose.
1:34 of 2nd period - Goal by Jacob De La Rose - Senators : 4 - Reign : 0.
1:34 of 2nd period - Jean-Francois Berube enters game.
1:35 of 2nd period - Joel Eriksson Ek wins face-off versus Jacob De La Rose in neutral zone.
2:23 of 2nd period - Slapshot by Jordan Schmaltz.
2:23 of 2nd period - Stopped by Garret Sparks with a rebound.
2:29 of 2nd period - Wrist shot by Scott Harrington.
2:29 of 2nd period - Shot Blocked by Dylan Blujus.
2:35 of 2nd period - Slapshot by Jordan Schroeder.
2:35 of 2nd period - Shot Misses the Net.
2:52 of 2nd period - Phillip Danault is hit by William Bitten and loses puck.
3:51 of 2nd period - Minor Penalty to Tyler Pitlick for Holding.
3:52 of 2nd period - Joel Eriksson Ek wins face-off versus Christoph Bertschy in Reign zone.
5:47 of 2nd period - Tomas Jurco is hit by Brendan Gaunce and loses puck.
5:51 of 2nd period - Penalty to Tyler Pitlick is over, Tyler Pitlick is back on ice.
6:12 of 2nd period - Slapshot by Trevor Moore.
6:12 of 2nd period - Stopped by Garret Sparks with a rebound.
6:14 of 2nd period - Slapshot by Pierre-Luc Dubois.
6:14 of 2nd period - Goal by Pierre-Luc Dubois - Senators : 4 - Reign : 1.
6:15 of 2nd period - Joel Eriksson Ek wins face-off versus Jacob De La Rose in neutral zone.
6:20 of 2nd period - Wrist shot by Dominik Simon.
6:20 of 2nd period - Stopped by Garret Sparks without a rebound.
6:21 of 2nd period - Jacob De La Rose wins face-off versus Joel Eriksson Ek in Senators zone.
6:26 of 2nd period - Slapshot by Dmitry Sinitsyn.
6:26 of 2nd period - Stopped by Jean-Francois Berube with a rebound.
6:40 of 2nd period - Joachim Blichfeld is hit by Dmitry Sinitsyn and loses puck.
6:51 of 2nd period - Wrist shot by Zemgus Girgensons.
6:51 of 2nd period - Stopped by Jean-Francois Berube with a rebound.
7:01 of 2nd period - Wrist shot by Joachim Blichfeld.
7:01 of 2nd period - Shot Blocked by Dmitry Sinitsyn.
7:03 of 2nd period - Snap shot by Dominik Simon.
7:03 of 2nd period - Stopped by Garret Sparks with a rebound.
7:05 of 2nd period - Snap shot by Joachim Blichfeld.
7:05 of 2nd period - Shot Blocked by Zemgus Girgensons.
7:07 of 2nd period - Snap shot by Joel Eriksson Ek.
7:07 of 2nd period - Shot Misses the Net.
7:11 of 2nd period - Wrist shot by Joachim Blichfeld.
7:11 of 2nd period - Stopped by Garret Sparks without a rebound.
7:12 of 2nd period - Rourke Chartier wins face-off versus Tomas Jurco in Senators zone.
7:17 of 2nd period - Snap shot by Matthew Tkachuk.
7:17 of 2nd period - Stopped by Garret Sparks with a rebound.
7:19 of 2nd period - Snap shot by Rourke Chartier.
7:19 of 2nd period - Shot Misses the Net.
7:21 of 2nd period - Snap shot by Matthew Tkachuk.
7:21 of 2nd period - Shot Blocked by Scott Harrington.
7:26 of 2nd period - Icing by Scott Harrington.
7:27 of 2nd period - Brendan Gaunce wins face-off versus Christoph Bertschy in Senators zone.
7:46 of 2nd period - Christoph Bertschy is hit by Timo Meier and loses puck.
8:05 of 2nd period - Wrist shot by Zachary Sanford.
8:05 of 2nd period - Shot Blocked by Jordan Schmaltz.
8:07 of 2nd period - Slapshot by Scott Harrington.
8:07 of 2nd period - Shot Blocked by Rourke Chartier.
8:11 of 2nd period - Snap shot by Christoph Bertschy.
8:11 of 2nd period - Shot Misses the Net.
8:13 of 2nd period - Snap shot by Christoph Bertschy.
8:13 of 2nd period - Shot Misses the Net.
8:15 of 2nd period - Wrist shot by Tomas Jurco.
8:15 of 2nd period - Stopped by Jean-Francois Berube with a rebound.
8:17 of 2nd period - Slapshot by Nikita Nesterov.
8:17 of 2nd period - Shot Blocked by Matthew Tkachuk.
8:32 of 2nd period - Snap shot by Zachary Sanford.
8:32 of 2nd period - Stopped by Jean-Francois Berube with a rebound.
8:34 of 2nd period - Wrist shot by Christoph Bertschy.
8:34 of 2nd period - Stopped by Jean-Francois Berube with a rebound.
8:36 of 2nd period - Wrist shot by Zachary Sanford.
8:36 of 2nd period - Shot Misses the Net.
8:38 of 2nd period - Slapshot by Scott Harrington.
8:38 of 2nd period - Deflect By Zachary Sanford.
8:38 of 2nd period - Shot Blocked by Nikita Tryamkin.
8:38 of 2nd period - Puck is out of play.
8:39 of 2nd period - Brendan Gaunce wins face-off versus Jacob De La Rose in Reign zone.
8:48 of 2nd period - Slapshot by Jakob Chychrun.
8:48 of 2nd period - Deflect By Jacob De La Rose.
8:48 of 2nd period - Stopped by Garret Sparks without a rebound.
8:49 of 2nd period - Brendan Gaunce wins face-off versus Jacob De La Rose in Senators zone.
8:50 of 2nd period - Wrist shot by Tyler Pitlick.
8:50 of 2nd period - Stopped by Garret Sparks with a rebound.
9:17 of 2nd period - Off-side.
9:18 of 2nd period - Jordan Schroeder wins face-off versus Rourke Chartier in neutral zone.
9:43 of 2nd period - Dylan Blujus is hit by Joonas Lyytinen and loses puck.
10:12 of 2nd period - Snap shot by Brendan Gaunce.
10:12 of 2nd period - Goal by Brendan Gaunce - Senators : 4 - Reign : 2.
10:13 of 2nd period - Rourke Chartier wins face-off versus Christoph Bertschy in neutral zone.
11:02 of 2nd period - Brendan Gaunce is hit by Jordan Schroeder.
11:51 of 2nd period - Slapshot by Michael Matheson.
11:51 of 2nd period - Deflect By Vitaly Abramov.
11:51 of 2nd period - Stopped by Jean-Francois Berube without a rebound.
11:52 of 2nd period - Rourke Chartier wins face-off versus Jacob De La Rose in Reign zone.
12:06 of 2nd period - Dmitry Sinitsyn is hit by Rourke Chartier and loses puck.
12:38 of 2nd period - Wrist shot by Jordan Schroeder.
12:38 of 2nd period - Deflect By Jakob Chychrun.
12:38 of 2nd period - Stopped by Jean-Francois Berube without a rebound.
12:39 of 2nd period - Rourke Chartier wins face-off versus Jordan Schroeder in Reign zone.
13:15 of 2nd period - Snap shot by Brendan Gaunce.
13:15 of 2nd period - Deflect By Zachary Sanford.
13:15 of 2nd period - Shot Hit the Post.
13:15 of 2nd period - Puck is out of play.
13:16 of 2nd period - Jacob De La Rose wins face-off versus Trevor Moore in Senators zone.
13:16 of 2nd period - Jacob De La Rose is hit by Josh Anderson.
13:26 of 2nd period - Slapshot by Nikita Tryamkin.
13:26 of 2nd period - Stopped by Garret Sparks with a rebound.
14:27 of 2nd period - Off-side.
14:28 of 2nd period - Joel Eriksson Ek wins face-off versus Christoph Bertschy in neutral zone.
15:08 of 2nd period - Slapshot by Joachim Blichfeld.
15:08 of 2nd period - Stopped by Garret Sparks with a rebound.
15:10 of 2nd period - Snap shot by Joel Eriksson Ek.
15:10 of 2nd period - Shot Misses the Net.
15:26 of 2nd period - Wrist shot by Zemgus Girgensons.
15:26 of 2nd period - Stopped by Jean-Francois Berube with a rebound.
15:49 of 2nd period - Wrist shot by Joel Eriksson Ek.
15:49 of 2nd period - Shot Blocked by Mason Geertsen.
15:51 of 2nd period - Snap shot by Dominik Simon.
15:51 of 2nd period - Stopped by Garret Sparks without a rebound.
15:52 of 2nd period - Rourke Chartier wins face-off versus Christoph Bertschy in Senators zone.
15:59 of 2nd period - Wrist shot by Rourke Chartier.
15:59 of 2nd period - Shot Blocked by Tomas Jurco.
16:28 of 2nd period - Snap shot by A.J. Jenks.
16:28 of 2nd period - Deflect By Dylan Blujus.
16:28 of 2nd period - Shot Blocked by Dylan Blujus.
16:28 of 2nd period - Puck is out of play.
16:29 of 2nd period - Christoph Bertschy wins face-off versus Rourke Chartier in Reign zone.
16:37 of 2nd period - Slapshot by Christoph Bertschy.
16:37 of 2nd period - Shot Blocked by Matthew Tkachuk.
16:45 of 2nd period - Wrist shot by Tomas Jurco.
16:45 of 2nd period - Shot Misses the Net.
17:05 of 2nd period - Off-side.
17:06 of 2nd period - Brendan Gaunce wins face-off versus Christoph Bertschy in neutral zone.
17:17 of 2nd period - Tyler Pitlick is hit by Tomas Jurco and loses puck.
18:01 of 2nd period - Snap shot by Dominik Simon.
18:01 of 2nd period - Stopped by Garret Sparks with a rebound.
18:03 of 2nd period - Snap shot by Joachim Blichfeld.
18:03 of 2nd period - Shot Misses the Net.
18:23 of 2nd period - Wrist shot by Jordan Schroeder.
18:23 of 2nd period - Stopped by Jean-Francois Berube without a rebound.
18:24 of 2nd period - Brendan Gaunce wins face-off versus Jordan Schroeder in Reign zone.
18:48 of 2nd period - Matthew Tkachuk is hit by Scott Harrington and loses puck.
18:54 of 2nd period - Icing by Phillip Danault.
18:55 of 2nd period - Rourke Chartier wins face-off versus Christoph Bertschy in Reign zone.
Goals for this period are 1 for Senators vs 2 for Reign.
Shots for this period are 12 for Senators vs 14 for Reign.
3rd period
0:01 of 3rd period - Trevor Moore wins face-off versus Christoph Bertschy in neutral zone.
0:26 of 3rd period - Jacob De La Rose is hit by Timo Meier and loses puck.
0:36 of 3rd period - Off-side.
0:37 of 3rd period - Rourke Chartier wins face-off versus Christoph Bertschy in neutral zone.
0:46 of 3rd period - Wrist shot by Rourke Chartier.
0:46 of 3rd period - Stopped by Garret Sparks with a rebound.
1:10 of 3rd period - Zemgus Girgensons is hit by Josh Anderson and loses puck.
1:22 of 3rd period - Icing by Trevor Moore.
1:23 of 3rd period - Chandler Stephenson wins face-off versus Brendan Gaunce in Reign zone.
1:26 of 3rd period - Snap shot by Dmitry Sinitsyn.
1:26 of 3rd period - Stopped by Jean-Francois Berube with a rebound.
1:33 of 3rd period - Minor Penalty to Tyler Pitlick for Roughing.
1:34 of 3rd period - Christoph Bertschy wins face-off versus Joel Eriksson Ek in Reign zone.
2:09 of 3rd period - Slapshot by Oliver Bjorkstrand.
2:09 of 3rd period - Shot Misses the Net.
3:33 of 3rd period - Penalty to Tyler Pitlick is over, Tyler Pitlick is back on ice.
3:39 of 3rd period - Snap shot by Chandler Stephenson.
3:39 of 3rd period - Shot Misses the Net.
3:41 of 3rd period - Slapshot by Nikita Nesterov.
3:41 of 3rd period - Shot Misses the Net.
3:59 of 3rd period - A.J. Jenks is hit by Matthew Tkachuk and loses puck.
4:37 of 3rd period - Adam Ollas-Mattsson is hit by Zemgus Girgensons and loses puck.
5:18 of 3rd period - Slapshot by Trevor Moore.
5:18 of 3rd period - Stopped by Garret Sparks with a rebound.
5:30 of 3rd period - Dominik Simon is hit by Oliver Bjorkstrand and loses puck.
6:04 of 3rd period - Wrist shot by Vitaly Abramov.
6:04 of 3rd period - Stopped by Jean-Francois Berube without a rebound.
6:05 of 3rd period - Trevor Moore wins face-off versus Chandler Stephenson in Reign zone.
6:30 of 3rd period - Jacob De La Rose is hit by Timo Meier and loses puck.
8:02 of 3rd period - Slapshot by Dmitry Sinitsyn.
8:02 of 3rd period - Stopped by Jean-Francois Berube without a rebound.
8:03 of 3rd period - Rourke Chartier wins face-off versus Christoph Bertschy in Reign zone.
8:10 of 3rd period - Nikita Nesterov is hit by Rourke Chartier and loses puck.
8:50 of 3rd period - Snap shot by A.J. Jenks.
8:50 of 3rd period - Shot Misses the Net.
8:52 of 3rd period - Minor Penalty to Dominik Simon for Hooking.
8:53 of 3rd period - Christoph Bertschy wins face-off versus Joel Eriksson Ek in Reign zone.
8:56 of 3rd period - Wrist shot by Zachary Sanford.
8:56 of 3rd period - Stopped by Jean-Francois Berube with a rebound.
9:27 of 3rd period - Tyler Pitlick is hit by Jacob De La Rose and loses puck.
10:12 of 3rd period - Phillip Danault is hit by Oliver Bjorkstrand and loses puck.
10:52 of 3rd period - Penalty to Dominik Simon is over, Dominik Simon is back on ice.
11:12 of 3rd period - Wrist shot by Josh Anderson.
11:12 of 3rd period - Stopped by Garret Sparks without a rebound.
11:13 of 3rd period - Pierre-Luc Dubois wins face-off versus Jordan Schroeder in Senators zone.
11:14 of 3rd period - Slapshot by Jakob Chychrun.
11:14 of 3rd period - Deflect By Trevor Moore.
11:14 of 3rd period - Shot Blocked by Grant Besse.
11:14 of 3rd period - Puck is out of play.
11:15 of 3rd period - Jordan Schroeder wins face-off versus Pierre-Luc Dubois in Senators zone.
11:15 of 3rd period - Jordan Schroeder is hit by Logan Stanley.
11:43 of 3rd period - Wrist shot by Jakob Chychrun.
11:43 of 3rd period - Deflect By Rourke Chartier.
11:43 of 3rd period - Goal by Rourke Chartier - Senators : 4 - Reign : 3.
11:44 of 3rd period - Christoph Bertschy wins face-off versus Brendan Gaunce in neutral zone.
11:49 of 3rd period - Wrist shot by Tomas Jurco.
11:49 of 3rd period - Stopped by Jean-Francois Berube with a rebound.
11:51 of 3rd period - Snap shot by Zachary Sanford.
11:51 of 3rd period - Shot Misses the Net.
11:53 of 3rd period - Backhand shot by Tomas Jurco.
11:53 of 3rd period - Goal by Tomas Jurco - Senators : 5 - Reign : 3.
11:54 of 3rd period - Christoph Bertschy wins face-off versus Rourke Chartier in neutral zone.
12:23 of 3rd period - Slapshot by Thomas Chabot.
12:23 of 3rd period - Stopped by Garret Sparks with a rebound.
12:33 of 3rd period - Slapshot by Thomas Chabot.
12:33 of 3rd period - Shot Blocked by Christoph Bertschy.
12:43 of 3rd period - Michael Matheson is hit by Timo Meier and loses puck.
13:10 of 3rd period - Snap shot by Trevor Moore.
13:10 of 3rd period - Stopped by Garret Sparks with a rebound.
13:22 of 3rd period - Minor Penalty to Pierre-Luc Dubois for High sticking.
13:23 of 3rd period - Christoph Bertschy wins face-off versus Joel Eriksson Ek in Reign zone.
13:24 of 3rd period - Snap shot by Tomas Jurco.
13:24 of 3rd period - Shot Misses the Net.
14:26 of 3rd period - Nikita Tryamkin is hit by Tomas Jurco and loses puck.
15:22 of 3rd period - Penalty to Pierre-Luc Dubois is over, Pierre-Luc Dubois is back on ice.
17:05 of 3rd period - Dylan Blujus is hit by Zemgus Girgensons and loses puck.
18:19 of 3rd period - Icing by Joonas Lyytinen.
18:20 of 3rd period - Chandler Stephenson wins face-off versus Josh Anderson in Senators zone.
18:59 of 3rd period - Brendan Gaunce is hit by Jacob De La Rose and loses puck.
19:30 of 3rd period - Grant Besse is hit by Nikita Tryamkin and loses puck.
19:49 of 3rd period - Thomas Chabot is hit by Zemgus Girgensons and loses puck.
Goals for this period are 1 for Senators vs 1 for Reign.
Shots for this period are 6 for Senators vs 6 for Reign.